 Dungeon Crawl Stone Soup version 0.23.2-40-g277498a001 (webtiles) character file.

Game seed: 201262100876082969

2494 Marnok the Slicer (level 9, -1/79 HPs)
             Began as a Minotaur Berserker on Oct 6, 2019.
             Was an Elder of Trog.
             Shot with an arrow by a centaur (8 damage)
             ... on level 7 of the Dungeon.
             The game lasted 00:18:25 (4872 turns).

Marnok the Slicer (Minotaur Berserker)              Turns: 4872, Time: 00:18:26

Health: -1/79      AC: 10    Str: 25    XL:     9   Next: 28%
Magic:  8/8        EV:  9    Int:  4    God:    Trog [****..]
Gold:   206        SH:  0    Dex: 10    Spells: 8/8 levels left

rFire    . . .     SeeInvis .   a - +2 rapier (flame)
rCold    . . .     Gourm    .   (no shield)
rNeg     . . .     Faith    .   l - +0 chain mail {rPois}
rPois    +         Spirit   .   (helmet restricted)
rElec    .         Reflect  .   t - +0 cloak (curse)
rCorr    .         Harm     .   (no gloves)
MR       .....                  k - +2 pair of boots
Stlth    ..........             (no amulet)
HPRegen  0.23/turn              r - ring of flight
MPRegen  0.11/turn              (no ring)

@: marked, heavily drained
A: retaliatory headbutt, hooves 1, horns 2, deformed body
a: Berserk, Trog's Hand, Brothers in Arms, Renounce Religion, Evoke Flight


You were on level 7 of the Dungeon.
You worshipped Trog.
Trog was greatly pleased with you.
You were near starving.

You visited 2 branches of the dungeon, and saw 8 of its levels.

You collected 206 gold pieces.

Inventory:

Hand Weapons
 a - a +2 rapier of flaming (weapon)
 g - a +2 dire flail of venom
 i - a +3 spear
Missiles
 B - 2 throwing nets (quivered)
Armour
 k - a +2 pair of boots (worn)
 l - a +0 chain mail of poison resistance (worn)
 t - a cursed +0 cloak (worn)
 x - a +4 scale mail of positive energy
 E - a +2 scale mail of cold resistance
Jewellery
 r - a ring of flight (left hand)
Wands
 h - a wand of flame (19)
Scrolls
 b - a scroll of blinking
 d - 3 scrolls of remove curse
 e - a scroll of enchant armour {unknown}
 f - a scroll of fear
 m - 2 scrolls of teleportation
 A - a scroll of immolation
 C - 2 scrolls of fog
Potions
 s - a potion of brilliance
 v - a potion of flight
Comestibles
 c - a ration


   Skills:
 + Level 7.6(6.3) Fighting
 + Level 9.2(7.8) Short Blades
   Level 4.3(3.1) Axes
 + Level 0.5(0.0) Throwing
 + Level 7.4(6.0) Armour
 + Level 4.0(2.8) Dodging
 + Level 1.8(0.7) Stealth


You had 8 spell levels left.
You didn't know any spells.
Your spell library was empty.

Dungeon Overview and Level Annotations

Branches:
Dungeon (7/15)             Temple (1/1) D:6

Altars:
Sif Muna
Vehumet
Yredelemnul
Zin
The Shining One


Innate Abilities, Weirdness & Mutations

You reflexively headbutt those who attack you in melee.
You have a pair of horns on your head.
You have large cloven feet.
Armour fits poorly on your strangely shaped body.


Message History

The wight hits you with a +3 spear.
* * * LOW HITPOINT WARNING * * *
You feel drained.
You closely miss the wight.
The wight is almost destroyed.
The wight closely misses you.
Okay, then.
You puncture the wight! You burn the wight.
You destroy the wight!
Trog accepts your kill.
Things that are here:
a +3 spear; a +0 robe
i - a +3 spear 4 wights come into view.
A wight is wielding a +2 morningstar of venom.
A centaur comes into view.
The centaur shouts!
You hear a shout! x2
The centaur wields a +0 shortbow.
The centaur shoots an arrow.
The arrow hits you!
You die...

.# ... #.. .....
.#.... #... #...##
.#.... #...###....#
#..... ...........
...... ..........#
..# ..........# 8.#
....c.....#
..########+#####@..#
........#.....##...#
........#..........#
........#..........#
........+.....[.z..#
##......##'#####zz.#
#.............#...#
#.............#z..#
#.............#...#


You could see a centaur and 4 wights.

Vanquished Creatures
  Harold (D:7)
  Sigmund (D:3)
  Eustachio (D:5)
  Edmund (D:4)
  2 ogres
  A sky beast (D:7)
  A phantom (D:7)
  2 centaurs (D:6)
  2 bullfrogs
  7 wights
  A howler monkey (D:4)
  A jelly (D:5)
  An orc wizard (D:5)
  An orc priest (D:3)
  Terence (D:2)
  5 worker ants
  A hound skeleton (D:7)
  A worker ant zombie (D:5)
  7 adders
  A shadow imp (D:6)
  An ooze (D:3)
  2 worms
  A dart slug (D:1)
  3 leopard geckos (D:2)
  15 orcs
  9 bats
  4 giant cockroaches
  8 goblins
  8 hobgoblins
  9 jackals
  A quokka (D:2)
  2 ball pythons
  6 frilled lizards
  A giant cockroach zombie (D:5)
  9 kobolds
  A leopard gecko skeleton (D:5)
  3 rats
122 creatures vanquished.

Vanquished Creatures (others)
  A howler monkey (D:6)
1 creature vanquished.

Grand Total: 123 creatures vanquished

Notes
Turn   | Place    | Note
-------+----------+-------------------------------------------
     0 | D:1      | Marnok the Minotaur Berserker began the quest for the Orb.
     0 | D:1      | Reached XP level 1. HP: 19/19 MP: 0/0
   170 | D:2      | Noticed Terence
   194 | D:1      | Reached XP level 2. HP: 27/27 MP: 1/1
   965 | D:2      | Reached ** piety under Trog
  1005 | D:2      | Reached XP level 3. HP: 26/33 MP: 2/2
  1006 | D:2      | Killed Terence
  1176 | D:2      | Reached skill level 1 in Short Blades
  1176 | D:2      | Reached XP level 4. HP: 29/41 MP: 3/3
  1652 | D:3      | Reached skill level 2 in Short Blades
  1707 | D:3      | Reached XP level 5. HP: 13/47 MP: 4/4
  1723 | D:3      | Reached skill level 5 in Fighting
  2045 | D:3      | Reached skill level 3 in Short Blades
  2046 | D:3      | Noticed Sigmund
  2072 | D:3      | Killed Sigmund
  2072 | D:3      | Reached skill level 4 in Short Blades
  2072 | D:3      | Reached XP level 6. HP: 36/56 MP: 5/5
  2391 | D:3      | Reached XP level 7. HP: 48/61 MP: 6/6
  2418 | D:3      | Reached *** piety under Trog
  2506 | D:3      | Found a faded altar of an unknown god.
  2716 | D:3      | Found a radiant altar of Vehumet.
  2847 | D:4      | Reached skill level 5 in Short Blades
  2913 | D:5      | Entered Level 5 of the Dungeon
  2921 | D:4      | Noticed Edmund
  2941 | D:4      | Killed Edmund
  3495 | D:5      | Found a deep blue altar of Sif Muna.
  3514 | D:5      | Reached skill level 5 in Armour
  3545 | D:5      | Found a basalt altar of Yredelemnul.
  3582 | D:5      | Reached skill level 1 in Stealth
  3706 | D:5      | Reached skill level 6 in Short Blades
  3762 | D:6      | Found a staircase to the Ecumenical Temple.
  3985 | D:6      | Noticed Eustachio
  3991 | D:5      | Killed Eustachio
  3991 | D:5      | Reached XP level 8. HP: 67/70 MP: 7/7
  4454 | D:5      | Gained mutation: Armour fits poorly on your strangely
                  | shaped body. [potion of mutation]
  4454 | D:5      | Gained mutation: You have large cloven feet. [potion of
                  | mutation]
  4469 | Temple   | Entered the Ecumenical Temple
  4567 | D:6      | Reached skill level 7 in Short Blades
  4624 | D:7      | Found a glowing silver altar of Zin.
  4748 | D:7      | Reached **** piety under Trog
  4761 | D:7      | Reached skill level 8 in Short Blades
  4810 | D:7      | Noticed Harold
  4830 | D:7      | Killed Harold
  4830 | D:7      | Reached skill level 9 in Short Blades
  4830 | D:7      | Reached XP level 9. HP: 34/79 MP: 8/8
  4872 | D:7      | Shot with an arrow by a centaur

Skill      XL: |  1  2  3  4  5  6  7  8 |
---------------+-------------------------+-----
Fighting       | 4 5 6 7 |  7.6
Axes           | 4 |  4.3
Short Blades   | 1 2 4 6 9 |  9.2
Dodging        | 3 4 |  4.0
Armour         | 3 4 5 7 |  7.4
Stealth        | 1 |  1.8
Throwing       | |  0.5

Action                   |  1- 3 |  4- 6 |  7- 9 || total
-------------------------+-------+-------+-------++-------
Melee: Dagger            |    93 |   128 |       ||   221
       Hand axe          |     8 |       |       ||     8
       Headbutt          |     8 |    22 |    33 ||    63
       Rapier            |       |    14 |   169 ||   183
Throw: Throwing net      |       |       |     2 ||     2
Invok: Berserk           |       |     1 |     2 ||     3
  Use: Scroll            |       |     7 |     8 ||    15
       Potion            |       |     2 |     2 ||     4
 Stab: Distracted        |       |       |     1 ||     1
  Eat: Chunk             |     1 |     2 |     4 ||     7
       Ration            |       |     1 |     1 ||     2
Armor: Animal skin       |    18 |       |       ||    18
       Chain mail        |    35 |    75 |    76 ||   186
Dodge: Dodged            |    76 |    41 |    76 ||   193
